 Dungeon Crawl Stone Soup version 0.31.0-7-gf635a9b802 (webtiles) character file.

Game seed: 17287788926912777132

102 monsoonserge the Magician (level 5, -2/39 HPs)
             Began as a Djinni Warper on Jan 23, 2024.
             Slain by Pikel
             ... wielding a +1 whip of flaming
              (7 damage)
             ... on level 3 of the Dungeon.
             The game lasted 00:09:06 (2816 turns).

monsoonserge the Magician (Djinni Warper)           Turns: 2816, Time: 00:09:07

Health: -2/39      AC:  4    Str: 10    XL:     5   Next: 6%
Gold:   198        EV: 12    Int: 16    God:
                   SH:  0    Dex: 13

rFire   + + .        e - +1 whip (drain)
rCold   x . .        (no shield)
rNeg    . . .        b - +0 leather armour
rPois   ∞            (no helmet)
rElec   .            (no cloak)
rCorr   .            j - +0 pair of gloves
SInv    +            (boots unavailable)
Will    +....        (no amulet)
Stlth   +            n - ring of see invisible
HPRegen 0.26/turn    p - ring of willpower
MPRegen 0.00/turn

%: infuse magic (-3 HP)
@: flying
A: sickness immunity, fire resistance 2, cold vulnerability 1, float, innate
caster, HP casting, extra vitality 1
a: no special abilities


You were on level 3 of the Dungeon.
You visited 1 branch of the dungeon, and saw 4 of its levels.

You collected 198 gold pieces.

Inventory:

Hand Weapons
 e - a +1 whip of draining (weapon)
Missiles
 d - 7 darts of dispersal (quivered)
Armour
 b - a +0 leather armour (worn)
 j - a +0 pair of gloves (worn)
Jewellery
 n - a ring of see invisible (left hand)
 p - a ring of willpower (right hand)
 q - a +6 ring of dexterity
Scrolls
 a - a scroll of fear {unknown}
 c - 2 scrolls of blinking
 g - a scroll of vulnerability {unknown}
 h - 3 scrolls of teleportation {unknown}
 k - 2 scrolls of poison {unknown}
 l - 2 scrolls of brand weapon {unknown}
 m - a scroll of fog {unknown}
 o - 2 scrolls of noise {unknown}
 r - a scroll of identify {unknown}
 s - a scroll of enchant weapon {unknown}
Potions
 f - 2 potions of curing {unknown}
 i - a potion of berserk rage {unknown}


   Skills:
 + Level 2.5 Fighting
 + Level 2.4 Long Blades
 + Level 0.6 Maces & Flails
 + Level 0.7 Throwing
 + Level 1.7 Armour
 + Level 2.9 Dodging
 + Level 0.4 Stealth
 * Level 3.3 Spellcasting
 * Level 3.3 Conjurations
 * Level 3.3 Hexes
 * Level 3.3 Summonings
 * Level 3.3 Necromancy
 * Level 3.3 Translocations
 * Level 3.3 Fire Magic
 * Level 3.3 Ice Magic
 * Level 3.3 Air Magic
 * Level 3.3 Earth Magic
 * Level 3.3 Alchemy


You knew the following spells:

 Your Spells              Type           Power      Damage    Failure   Level
a - Blink                 Tloc           26%        N/A       9%          2
b - Lesser Beckoning      Tloc           26%        N/A       9%          2
c - Teleport Other        Tloc           13%        N/A       19%         3
d - Manifold Assault      Tloc           13%        N/A       52%         4
e - Vhi's Electric Charg  Tloc/Air       26%        N/A       52%         4
f - Freeze                Ice            52%        1d6       6%          1
g - Searing Ray           Conj           26%        2d5       9%          2
Your spell library was empty.

Dungeon Overview and Level Annotations

Branches:
Dungeon (4/15)
 Temple: D:4-7

Altars:

Shops:
D:1 =   D:2 [

Annotations:
D:3 Pikel


Innate Abilities, Weirdness & Mutations

You are immune to sickness and miasma.
You are immune to poison.
Your flesh is very heat resistant. (rF++)
You are vulnerable to cold. (rC-)
You float through the air rather than walking.
You learn spells naturally, not from books.
Your magical power is your life essence.
You have superior vitality. (+4 MHP)


Message History

You finish channelling your searing ray.
Pikel hits you with a +1 whip of flaming!
Casting: Searing Ray (safe; 9% risk of failure)
Confirm with . or Enter, or press ? or * to list all spells.
Aiming: Searing Ray (safe; 9% risk of failure)
Press: ? - help, Shift-Dir - straight line, f/p - Pikel
Aim: Pikel, wielding a +1 whip of flaming and wearing a +0 robe (lightly wounded, 70% to hit)
The searing ray hits Pikel.
Pikel is lightly wounded. (Press . to maintain the ray.) Pikel barely misses you.
The searing ray hits Pikel.
Pikel is lightly wounded.
Pikel hits you with a +1 whip of flaming.
The searing ray hits Pikel.
Pikel is moderately wounded.
Pikel completely misses you.
The searing ray hits Pikel.
Pikel is heavily wounded.
You finish channelling your searing ray.
Pikel closely misses you.
Casting: Searing Ray (safe; 9% risk of failure)
Confirm with . or Enter, or press ? or * to list all spells.
Aiming: Searing Ray (safe; 9% risk of failure)
Press: ? - help, Shift-Dir - straight line, f/p - Pikel
Aim: Pikel, wielding a +1 whip of flaming and wearing a +0 robe (heavily wounded, 70% to hit)
The searing ray misses Pikel. (Press . to maintain the ray.) Pikel closely misses you.
The searing ray hits Pikel.
Pikel is heavily wounded.
* * * LOW HITPOINT WARNING * * *
Pikel hits you with a +1 whip of flaming.
* * * LOW HITPOINT WARNING * * *
The searing ray hits Pikel.
Pikel is severely wounded.
* * * LOW HITPOINT WARNING * * *
Pikel hits you with a +1 whip of flaming!
You die...
Pikel says, "Another soul for the market."

#.##############
#.#............#
#.#.##########.# ####.#.# #.#
#....#.# #.# #.####.# #.#
#......# #.#
##############.###############.#
................@K...........#.#
.................###########.#.#
....#####..........# #.#.# ....#
#........#.# #.#.# ....#
#.#.[....#.# #.#.#
....#####.##.###.#.# #.#.#
..........##.#.....#### #.#.#
..........##.#........# #.#.#
.............#........# #.#.#


You could see Pikel.

Vanquished Creatures
  A lemure (D:3)
  2 adders
  3 dart slugs
  3 ribbon worms
  4 bats
  8 endoplasms
  3 giant cockroaches
  3 goblins
  7 hobgoblins
  12 jackals
  4 kobolds
  2 quokkas
  5 ball pythons
  A frilled lizard (D:1)
  3 rats
61 creatures vanquished.

Notes
Turn   | Place    | Note
-------+----------+-------------------------------------------
     0 | D:1      | monsoonserge the Djinni Warper began the quest for the Orb.
     0 | D:1      | monsoonserge set off with the following spells memorised:
                  | Blink, Lesser Beckoning, Teleport Other, Manifold Assault,
                  | Vhi's Electric Charge.
     0 | D:1      | Reached XP level 1. HP: 18/18 MP: 0/0
    67 | D:1      | Found Adwiogap's Jewellery Emporium.
   188 | D:1      | Reached XP level 2. HP: 22/23 MP: 0/0
   567 | D:1      | Reached XP level 3. HP: 3/28 MP: 0/0
   567 | D:1      | Learned a level 1 spell: Freeze
  1113 | D:2      | Found Pofuots's Armour Shop.
  1157 | D:2      | Reached XP level 4. HP: 33/34 MP: 0/0
  1917 | D:3      | Identified the +0 scale mail "Roleu" {Slay+2}
  2267 | D:3      | Reached XP level 5. HP: 36/39 MP: 0/0
  2267 | D:3      | Learned a level 2 spell: Searing Ray
  2550 | D:4      | Noticed a lemure
  2550 | D:4      | Noticed Pikel
  2572 | D:3      | Killed a lemure
  2803 | D:4      | Noticed a lemure
  2816 | D:3      | Slain by Pikel

Illustrated notes

Levels and vault maps discovered:
D:1:      psy_arrival_spokes, layout_basic, serial_shops, shop,
          serial_park_tiny_pond
D:2:      layout_basic, serial_shops, shop
D:3:      layout_basic
D:4:      layout_basic, grunt_ministairs_8, uniq_crazy_yiuf_cottage,
          uniq_duvessa, uniq_pikel

Skill      XL: |  1  2  3 |
---------------+----------+-----
Long Blades    | 2 |  2.4
Spellcasting   | 3 |  3.3
Conjurations   | 3 |  3.3
Hexes          | 3 |  3.3
Summonings     | 3 |  3.3
Necromancy     | 3 |  3.3
Translocations | 3 |  3.3
Fire Magic     | 3 |  3.3
Ice Magic      | 3 |  3.3
Air Magic      | 3 |  3.3
Earth Magic    | 3 |  3.3
Alchemy        | 3 |  3.3
Fighting       | |  2.5
Maces & Flails | |  0.6
Throwing       | |  0.7
Armour         | |  1.7
Dodging        | |  2.9
Stealth        | |  0.4

Action                     |  1- 3 |  4- 6 || total
---------------------------+-------+-------++-------
  Melee: Falchion          |    55 |       ||    55
         Whip              |    42 |    62 ||   104
         Punch             |       |     1 ||     1
   Cast: Blink             |     3 |       ||     3
         Freeze            |     7 |    24 ||    31
         Searing Ray       |       |     5 ||     5
    Use: Potion            |     1 |       ||     1
   Stab: Sleeping          |       |     1 ||     1
 Armour: Leather armour    |    63 |    54 ||   117
  Dodge: Dodged            |    71 |    50 ||   121
